 Dungeon Crawl Stone Soup version 0.31-a0-43-g46d131a48f (webtiles) character file.

Game seed: 9074750901144158497

880 pk666 the Magician (level 7, -7/36 HPs)
             Began as a Deep Elf Fire Elementalist on May 19, 2023.
             Mangled by Duvessa
             ... wielding a +3 short sword of protection
              (12 damage)
             ... on level 5 of the Dungeon.
             The game lasted 00:08:35 (5154 turns).

pk666 the Magician (Deep Elf Fire Elementalist)     Turns: 5154, Time: 00:08:37

Health: -7/36      AC:  7    Str:  5    XL:     7   Next: 75%
Magic:  2/18       EV: 14    Int: 22    God:
Gold:   131        SH:  5    Dex: 15    Spells: 11/18 levels left

rFire   . . .        g - +2 dagger (venom)
rCold   . . .        (no shield)
rNeg    + . .        a - +0 robe
rPois   .            (no helmet)
rElec   .            h - +0 cloak
rCorr   .            (no gloves)
SInv    .            (no boots)
Will    .....        t - amulet "Qulib" {Reflect rN+ SH+5}
Stlth   +            r - ring of flight
HPRegen 0.26/turn    l - +4 ring of protection
MPRegen 0.16/turn

%: reflection
@: lit by a corona, flying, glowing
A: no striking features
a: no special abilities


You were on level 5 of the Dungeon.
You visited 2 branches of the dungeon, and saw 6 of its levels.

You collected 208 gold pieces.
You spent 77 gold pieces at shops.

Inventory:

Hand Weapons
 g - a +2 dagger of venom (weapon)
Missiles
 n - 3 throwing nets
Armour
 a - a +0 robe (worn)
 h - a +0 cloak (worn)
Jewellery
 l - a +4 ring of protection (right hand)
 r - a ring of flight (left hand)
 t - the amulet "Qulib" (around neck) {Reflect rN+ SH+5}
   (You found it on level 2 of the Dungeon)

   [amulet of reflection]

   It reflects blocked missile attacks.
   rN:        It protects you from negative energy.
   SH:        It affects your SH (+5).
 x - a ring of see invisible
Scrolls
 c - a scroll of torment {unknown}
 d - 2 scrolls of teleportation {unknown}
 f - 2 scrolls of poison {unknown}
 j - a scroll of noise {unknown}
 k - a scroll of enchant armour {unknown}
 u - a scroll of immolation {unknown}
 v - a scroll of vulnerability {unknown}
 y - a scroll of fear {unknown}
 B - a scroll of fog {unknown}
 C - a scroll of silence {unknown}
 D - a scroll of amnesia {unknown}
Potions
 b - a potion of magic
 e - a potion of invisibility {unknown}
 i - a potion of resistance {unknown}
 m - a potion of ambrosia {unknown}
 o - a potion of might {unknown}
 p - 2 potions of lignification {unknown}
 s - a potion of curing {unknown}
 w - 2 potions of mutation {unknown}
 z - a potion of flight {unknown}
 A - a potion of haste {unknown}


   Skills:
 + Level 5.7 Dodging
 - Level 2.4 Stealth
 + Level 6.4 Spellcasting
 + Level 4.8 Conjurations
 + Level 5.9 Fire Magic


You had 11 spell levels left.
You knew the following spells:

 Your Spells              Type           Power      Damage    Failure   Level
a - Foxfire               Conj/Fire      100%       2x1d9     1%          1
b - Scorch                Fire           66%        2d7       1%          2
c - Flame Wave            Conj/Fire      30%        2d9       10%         4

Your spell library contained the following spells:

 Spells                   Type           Power      Damage    Failure   Level
 Inner Flame              Hex/Fire       20%        N/A       8%          3
 Volatile Blastmotes      Fire/Tloc      40%        2d13      8%          3
 Lesser Beckoning         Tloc           14%        N/A       13%         2
 Gell's Gravitas          Tloc           7%         N/A       26%         3
 Ozocubu's Armour         Ice            7%         N/A       26%         3
 Teleport Other           Tloc           7%         N/A       26%         3
 Leda's Liquefaction      Hex/Erth       3%         N/A       65%         4
 Summon Lightning Spire   Summ/Air       7%         N/A       65%         4
 Lee's Rapid Deconstruct  Erth           3%         3d5*      94%         5
 Metabolic Englaciation   Hex/Ice        3%         N/A       94%         5
 Simulacrum               Ice/Necr       3%         N/A       100%        6
 Statue Form              Tmut/Erth      4%         N/A       100%        6
 Storm Form               Tmut/Air       3%         N/A       100%        7
 Maxwell's Capacitive Co  Air            3%         ∞         100%        8


Dungeon Overview and Level Annotations

Branches:
Dungeon (5/15)             Temple (1/1) D:4

Altars:
Cheibriados
Dithmenos
Elyvilon
Fedhas
Gozag
Hepliaklqana
Kikubaaqudgha
Okawaru
Ru
Sif Muna
Trog
Uskayaw
Xom
Yredelemnul
Zin

Shops:
D:1 *

Annotations:
D:5 Duvessa


Message History

Duvessa is severely wounded.
You finish channelling waves of flame.
You feel sick. Duvessa hits you but does no damage.
You are too injured to fight recklessly!
Casting: Flame Wave (quite dangerous; 10% risk of failure)
Confirm with . or Enter, or press ? or * to list all spells.
Flames lash Duvessa.
Duvessa is severely wounded.
Duvessa's fire resistance burns away.
You feel sick. You block Duvessa's attack. x2
Casting: Scorch (safe; 1% risk of failure)
Confirm with . or Enter, or press ? or * to list all spells.
You conjure some foxfire!
You feel sick. Duvessa hits you but does no damage.
You feel sick.
Duvessa is no longer more vulnerable to fire.
The foxfire hits Duvessa but does no damage.
Duvessa is severely wounded.
The foxfire hits Duvessa but does no damage.
Duvessa is severely wounded.
Duvessa hits you with a +3 short sword of protection.
* * * LOW HITPOINT WARNING * * *
Duvessa hits you with a +3 short sword of protection.
* * * LOW HITPOINT WARNING * * *
You feel much better.
You feel sick.
You are no longer poisoned.
Duvessa hits you with a +3 short sword of protection!!
Ouch! That really hurt!
* * * LOW HITPOINT WARNING * * *
Casting: Foxfire (safe; 1% risk of failure)
Confirm with . or Enter, or press ? or * to list all spells.
The spell is quite dangerous to miscast (10% risk of failure)!
Continue anyway? [Y]es or [N]o only, please.
The spell is quite dangerous to miscast (10% risk of failure)!
Continue anyway?
Casting: Flame Wave (quite dangerous; 10% risk of failure)
Press: ? - help, Dir - look around, f - activate A wave of flame ripples out!
The flame wave engulfs Duvessa.
Duvessa is almost dead. (Press . to intensify the flame waves.) Duvessa hits you with a +3 short sword of protection!
You die...

#......###....###..#
#......##......##..#
...................#
....).)....###..##.#
.))........ ##....#
#†......... #.####
#.......... #..#
##...###########.####
...#.### #....@...#
####....# #...)e...#
.. .....# #........#
#.#.....# #........#
#.......# #........#
##...... #........#
.....# #####....#
.#...# ##.### .....#
§.#


You could see Duvessa (berserk, fast).

Vanquished Creatures
  Sigmund (D:4)
  An ogre (D:5)
  A black bear (D:4)
  Dowan (D:5)
  A howler monkey (D:5)
  2 jellies (D:5)
  A gnoll bouda (D:5)
  3 hounds
  A sleepcap (D:3)
  An iguana (D:4)
  An orc wizard (D:4)
  5 gnolls (D:5)
  4 adders
  A shadow imp (D:5)
  2 worms
  4 dart slugs
  12 orcs
  8 ball pythons
  7 endoplasms
  2 giant cockroaches
  6 goblins
  6 hobgoblins
  4 jackals (D:3)
  3 quokkas (D:5)
  7 bats
  3 frilled lizards (D:2)
  5 kobolds
  4 rats
97 creatures vanquished.

Vanquished Creatures (others)
  314 foxfires
314 creatures vanquished.

Grand Total: 411 creatures vanquished

Notes
Turn   | Place    | Note
-------+----------+-------------------------------------------
     0 | D:1      | pk666 the Deep Elf Fire Elementalist began the quest for
                  | the Orb.
     0 | D:1      | Reached XP level 1. HP: 10/10 MP: 6/6
   241 | D:1      | Reached XP level 2. HP: 15/15 MP: 5/8
   244 | D:1      | Learned a level 2 spell: Scorch
   742 | D:1      | Found Xiji's General Store.
   812 | D:1      | Reached XP level 3. HP: 19/19 MP: 7/10
   841 | D:1      | Bought a scroll of identify for 22 gold pieces
  1010 | D:2      | Found a faded altar of an unknown god.
  1279 | D:2      | Identified the amulet "Qulib" {Reflect rN+ SH+5}
  1498 | D:2      | Reached XP level 4. HP: 24/24 MP: 8/11
  1904 | D:2      | Learned a level 4 spell: Flame Wave
  2315 | D:3      | Reached skill level 4 in Spellcasting
  2448 | D:3      | Found a sacrificial altar of Ru.
  2501 | D:3      | Found a snail-covered altar of Cheibriados.
  2690 | D:3      | Found a hazy altar of Hepliaklqana.
  2963 | D:1      | Bought a potion of heal wounds for 55 gold pieces
  3056 | D:4      | Noticed a black bear
  3059 | D:4      | Killed a black bear
  3060 | D:4      | Reached XP level 5. HP: 28/28 MP: 6/13
  3421 | D:4      | Noticed Sigmund
  3426 | D:4      | Reached XP level 6. HP: 32/32 MP: 12/15
  3433 | D:4      | Killed Sigmund
  3434 | D:4      | Reached skill level 5 in Spellcasting
  3434 | D:4      | Reached skill level 5 in Fire Magic
  4244 | D:4      | Reached skill level 5 in Dodging
  4244 | D:4      | Reached XP level 7. HP: 36/36 MP: 12/17
  4620 | D:5      | Entered Level 5 of the Dungeon
  4827 | D:5      | Reached skill level 6 in Spellcasting
  4939 | D:4      | Found a staircase to the Ecumenical Temple.
  4946 | Temple   | Entered the Ecumenical Temple
  5125 | D:5      | Noticed Duvessa
  5126 | D:5      | Noticed Dowan
  5149 | D:5      | Killed Dowan
  5154 | D:5      | Mangled by Duvessa

Illustrated notes

Levels and vault maps discovered:
D:1:      dpeg_arrival_rhombus, layout_rooms, serial_shops, shop
D:2:      wad_crossroads, layout_loops_ring,
          hellmonk_ecumenical_altar_pennies_from_heaven
D:3:      layout_rooms, mainiacjoe_overflow_surrounded_room,
          mainiacjoe_overflow_two_lobes, eino_curves_03, st_stairs_10
D:4:      layout_basic, minmay_temple_entry_from_below_a, enter_ossuary_2,
          uniq_sigmund
D:5:      cheibrodos_two_vegetables, layout_rooms, serial_corexii_hall,
          corexii_hall_statues_l, chequers_hall_statues_corner_a, minivault_19,
          st_stairs_1, grunt_decor_one_mirror, kennysheep_small_spiral,
          hangedman_decor_clover_reticule, uniq_duvessa
Temple:   nicolae_temple_x_marks_the_god

Skill      XL: |  1  2  3  4  5  6  7 |
---------------+----------------------+-----
Dodging        | 3 4 5 |  5.7
Conjurations   | 2 3 4 |  4.8
Fire Magic     | 4 5 |  5.9
Spellcasting   | 4 5 6 |  6.4
Stealth        | |  2.4

Action                     |  1- 3 |  4- 6 |  7- 9 || total
---------------------------+-------+-------+-------++-------
   Cast: Foxfire           |    81 |    64 |    40 ||   185
         Scorch            |     4 |    34 |     5 ||    43
         Flame Wave        |       |       |     2 ||     2
    Use: Scroll            |       |     2 |       ||     2
         Potion            |       |       |     2 ||     2
 Armour: Robe              |     1 |     3 |     4 ||     8
  Dodge: Dodged            |     6 |    10 |    11 ||    27
  Block: Other             |       |     1 |    10 ||    11
         Reflection        |       |       |     1 ||     1

Table legend: (Time is in decaauts)
 A = Elapsed time spent in this place.
 B = Non-inter-level travel time spent in this place.
 C = Inter-level travel time spent in this place.
 D = Time resting spent in this place.
 E = Time spent auto-exploring this place.
 F = Levels seen in this place.
 G = Mean time per level.
                   A        B        C        D        E       F      G
               +--------+--------+--------+--------+--------+-----+--------+
         Total |   5156 |   4907 |    249 |    602 |   3647 |   6 |  859.3 |
       Dungeon |   5097 |   4855 |    242 |    602 |   3601 |   5 | 1019.4 |
        Temple |     58 |     51 |      7 |      0 |     46 |   1 |   58.0 |
               +--------+--------+--------+--------+--------+-----+--------+

Top non-repeatable levels by time:
     D:4: 1611 daAuts
     D:2: 1141 daAuts
     D:1: 1030 daAuts
     D:3: 856 daAuts
     D:5: 458 daAuts
  Temple: 58 daAuts
